 Dungeon Crawl Stone Soup version 0.19.5 (webtiles) character file.

5526 JeffiDaFish the Basher (level 10, -4/61 HPs)
             Began as a Gargoyle Fighter on Sept 27, 2017.
             Was an Elder of Okawaru.
             Slain by an orc (5 damage)
             ... in a bailey.
             The game lasted 00:20:07 (7656 turns).

JeffiDaFish the Basher (Gargoyle Fighter)           Turns: 7656, Time: 00:20:07

Health: -4/61      AC: 23    Str: 21    XL:     10   Next: 70%
Magic:  11/11      EV:  8    Int:  8    God:    Okawaru [****..]
Gold:   230        SH: 12    Dex: 12    Spells: 0 memorised, 9 levels left

rFire  . . .     SeeInvis .     i - +3 flail (crush)
rCold  . . .     Gourm    .     e - +0 chain mail
rNeg   + . .     Faith    .     c - +1 shield
rPois  ∞         Spirit   .     g - +2 helmet
rElec  +         Reflect  .     (no cloak)
rCorr  .         Harm     .     (no gloves)
MR     .....                    (no boots)
Stlth  ..........               (no amulet)
                                (no ring)
                                u - +3 ring of protection

@: very slightly contaminated
A: negative energy resistance 1, electricity resistance, unbreathing,
petrification resistance, rot immunity, AC +7
a: Heroism, Renounce Religion


You were in a bailey.
You worshipped Okawaru.
Okawaru was greatly pleased with you.
You were hungry.

You visited 2 branches of the dungeon, and saw 9 of its levels.
You also visited: Ossuary and Bailey.

You collected 230 gold pieces.

Inventory:

Hand Weapons
 i - a +3 flail of crushing (weapon)
 r - a +2 flail of protection
Armour
 c - a +1 shield (worn)
 e - a +0 chain mail (worn)
 g - a +2 helmet (worn)
Jewellery
 u - a +3 ring of protection (left hand)
Wands
 b - a wand of iceblast (7/15)
Scrolls
 a - 3 scrolls of remove curse
 d - a scroll of recharging
 j - 4 scrolls of identify
 p - 2 scrolls of fear
 q - a scroll of fog
Potions
 h - 2 potions of curing
 k - 2 potions of haste
Comestibles
 f - 5 bread rations
 l - 5 chunks of flesh
 n - a beef jerky
 o - a slice of pizza
 s - a royal jelly


   Skills:
 * Level 6.8 Fighting
 * Level 9.9 Maces & Flails
 * Level 6.8 Armour
 + Level 3.8 Dodging
 - Level 1.2 Stealth
 * Level 9.1 Shields
 + Level 2.1 Invocations


You had 9 spell levels left.
You didn't know any spells.

Dungeon Overview and Level Annotations

Branches:
Dungeon (8/15)             Temple (1/1) D:4
   Lair: D:8-11

Altars:
Cheibriados
Dithmenos
Elyvilon
Fedhas
Gozag
Hepliaklqana
Kikubaaqudgha
Nemelex Xobeh
Okawaru
Qazlal
Ru
Sif Muna
Trog
Uskayaw
Xom
Yredelemnul
The Shining One

Shops:
D:6 (   D:8 *


Innate Abilities, Weirdness & Mutations

You are resistant to torment.
Your stone body is resilient. (AC +7)
You are immune to poison.
You resist negative energy. (rN+)
You are resistant to electric shocks. (rElec)
You can survive without breathing.
You are immune to petrification.
You are immune to rotting.


Message History

Okawaru is honoured by your kill.
Your Invocations skill increases to level 2!
You block the orc warrior's attack. The orc hits you but does no damage.
You block the orc warrior's attack. You block the orc's attack.
Things that are here:
a trident; a crystal plate armour; an orc corpse You closely miss the orc warrior.
The orc warrior no longer looks unusually strong.
You block the orc's attack.
The orc warrior hits you with a halberd!
* * * LOW HITPOINT WARNING * * *
You hit the orc warrior.
The orc warrior is moderately wounded.
The orc hits you but does no damage.
You thump the orc warrior!
The orc warrior is almost dead.
The orc warrior hits you with a halberd!
* * * LOW HITPOINT WARNING * * *
The orc hits you.
You die...

................(................
.................................
.................................
.....)≈≈≈≈≈.....(...........≈≈≈≈≈
.....≈≈#.#≈≈...............≈≈#.#≈
.....≈##.##≈...............≈##.##
.....≈..^..≈...............≈..^..
.....≈##.##≈...oo..........≈##.##
.....≈≈#.#≈≈...)@.###......≈≈#.#≈
......≈≈≈≈≈....#########...)≈≈≈≈≈
...)..........##.......##........
.......(.....##..#'#'#..##.......
.......(((().#..##)#)##o.#..(....
.......((.((##.#########.##....(.
.......(..(.##.')#".?#)'.##......
.....((.(.(.##.###o8.###.##.....(
....((..((..##.')#.oo#)'.##.....(


You could see an orc warrior and an orc.

Vanquished Creatures
  The ghost of Barfbag the Spear-Bearer, a novice TeFi of Yredelemnul (D:7)
  An orc knight (Bailey)
  The ghost of tat the Insei, an amateur OpBe of Trog (Ossuary)
  Eustachio (D:6)
  Edmund (D:6)
  A water moccasin (D:6)
  3 ice beasts
  6 orc warriors
  3 sky beasts
  2 necrophages
  A phantom (D:6)
  2 ogres (D:5)
  3 centaurs
  Blork the orc (D:4)
  2 bullfrogs
  A scorpion (D:4)
  9 killer bees
  9 wights
  3 howler monkeys
  An electric eel (D:6)
  4 crimson imps
  A quasit (D:6)
  A centaur zombie (Ossuary)
  2 human zombies (Ossuary)
  A bullfrog zombie (D:5)
  An orc priest (D:7)
  A bullfrog skeleton (D:6)
  3 hounds
  3 iguanas
  2 jellies
  4 worker ants
  A hound zombie (D:6)
  A hound skeleton (D:6)
  2 mummies (Ossuary)
  16 gnolls
  9 adders
  2 adder zombies
  2 oozes
  A worm (D:5)
  3 dart slugs
  2 leopard geckos
  21 orcs
  3 giant cockroaches
  11 goblins
  4 hobgoblins
  14 jackals
  2 kobolds (D:2)
  4 quokkas
  4 bats
  3 frilled lizards
  2 goblin zombies (Ossuary)
  13 hobgoblin zombies (Ossuary)
  A jackal zombie (Ossuary)
  11 kobold zombies (Ossuary)
  4 orc zombies (Ossuary)
  12 rats
  2 rat zombies (Ossuary)
225 creatures vanquished.

Notes
Turn   | Place    | Note
-------+----------+-------------------------------------------
     0 | D:1      | JeffiDaFish the Gargoyle Fighter began the quest for the Orb.
     0 | D:1      | Reached XP level 1. HP: 14/14 MP: 1/1
   189 | D:1      | Reached XP level 2. HP: 17/19 MP: 2/2
   444 | D:1      | Reached XP level 3. HP: 16/23 MP: 3/3
  1171 | D:2      | Reached XP level 4. HP: 25/29 MP: 4/4
  1985 | D:3      | Reached XP level 5. HP: 33/33 MP: 5/5
  2023 | D:3      | Reached skill level 1 in Dodging
  2042 | D:3      | Reached XP level 6. HP: 23/38 MP: 6/6
  2052 | D:3      | Reached skill level 5 in Shields
  2999 | D:4      | Noticed Blork the orc
  3011 | D:4      | Killed Blork the orc
  3011 | D:4      | Reached XP level 7. HP: 15/43 MP: 7/7
  3317 | D:4      | Found a sand-covered staircase.
  3332 | Ossuary  | Entered an ossuary
  3387 | Ossuary  | Noticed tat's ghost (amateur OpBe)
  3404 | Ossuary  | Killed tat's ghost
  3404 | Ossuary  | Reached skill level 5 in Maces & Flails
  3424 | Ossuary  | Reached XP level 8. HP: 32/48 MP: 8/8
  3681 | D:4      | Found a staircase to the Ecumenical Temple.
  3727 | Temple   | Entered the Ecumenical Temple
  3947 | D:4      | Found an iron altar of Okawaru.
  3947 | D:4      | Found a blossoming altar of Fedhas.
  4140 | D:4      | Became a worshipper of Warmaster Okawaru
  4481 | D:5      | Entered Level 5 of the Dungeon
  4490 | D:5      | Reached skill level 5 in Armour
  4578 | D:5      | Reached * piety under Okawaru
  4597 | D:5      | Reached skill level 5 in Fighting
  4685 | D:5      | Reached skill level 1 in Stealth
  4835 | D:5      | Found a hazy altar of Hepliaklqana.
  4873 | D:5      | Reached XP level 9. HP: 29/54 MP: 9/9
  5403 | D:6      | Noticed Edmund
  5416 | D:6      | Killed Edmund
  5457 | D:6      | Noticed Eustachio
  5479 | D:6      | Killed Eustachio
  5487 | D:6      | Found a white marble altar of Elyvilon.
  5583 | D:6      | Reached ** piety under Okawaru
  5622 | D:6      | Found Zakash's Weapon Boutique.
  6178 | D:7      | Noticed Barfbag's ghost (novice TeFi)
  6195 | D:7      | Killed Barfbag's ghost
  6195 | D:7      | Reached XP level 10. HP: 42/60 MP: 10/10
  6236 | D:7      | Found a shimmering altar of Xom.
  6236 | D:7      | Found a shimmering altar of Xom.
  6236 | D:7      | Found a shimmering altar of Xom.
  6268 | D:7      | Reached *** piety under Okawaru
  6561 | D:7      | Reached skill level 1 in Invocations
  6831 | D:8      | Found Fekecats's General Store.
  7034 | D:8      | Found a flagged portal.
  7044 | Bailey   | Entered a bailey
  7370 | Bailey   | Reached **** piety under Okawaru
  7559 | Bailey   | Noticed an orc knight
  7652 | Bailey   | Killed an orc knight
  7656 | Bailey   | HP: 1/61 [orc warrior/halberd (11)]
  7656 | Bailey   | Slain by an orc

Skill      XL: |  1  2  3  4  5  6  7  8  9 10 |
---------------+-------------------------------+-----
Shields        | 4 5 6 8 9 |  9.1
Maces & Flails | 3 4 5 7 9 |  9.9
Armour         | 4 5 6 |  6.8
Dodging        | 1 2 3 |  3.8
Fighting       | 4 5 6 |  6.8
Stealth        | 1 |  1.2
Invocations    | 2 |  2.1

Action                   |  1- 3 |  4- 6 |  7- 9 | 10-12 || total
-------------------------+-------+-------+-------+-------++-------
Melee: Flail             |   142 |   187 |   353 |   258 ||   940
       Mace              |       |    21 |       |       ||    21
  Use: Scroll            |     7 |     5 |     4 |     3 ||    19
       Potion            |     2 |       |     4 |     6 ||    12
  Eat: Chunk             |     1 |     6 |    11 |     5 ||    23
Armor: Scale mail        |   112 |   126 |   209 |     5 ||   452
       Chain mail        |       |       |       |   137 ||   137
Dodge: Dodged            |    48 |    72 |   147 |    95 ||   362
Block: Shield            |   109 |   125 |   264 |   259 ||   757
